 Dungeon Crawl Stone Soup version 0.20-a0-3-g334f831 (webtiles) character file.

396580 poirepourri the Warrior (level 23, -2/159 HPs)
             Began as a Gargoyle Fighter on Oct 30, 2016.
             Was a Priest of Cheibriados.
             Slain by a caustic shrike (9 damage)
             ... on level 2 of the Depths.
             The game lasted 01:46:42 (54772 turns).

poirepourri the Warrior (Gargoyle Fighter)         Turns: 54772, Time: 01:46:43

Health: -2/159     AC: 34    Str: 32    XL:     23   Next: 21%
Magic:  25/31      EV: 22    Int: 19    God:    Cheibriados [***...]
Gold:   2675       SH: 22    Dex: 32    Spells: 1 memorised, 21 levels left

rFire  + . .     SeeInvis .     a - +9 flail (protect)
rCold  . . .     Gourm    .     Q - +1 plate armour {rF+}
rNeg   + . .     Faith    .     c - +1 shield
rPois  ∞         Spirit   .     w - +2 helmet
rElec  +         Reflect  +     S - +2 cloak
rCorr  +         Harm     .     j - +0 pair of gloves "Lutzeuck" {rCorr Dex+5 Stlth+} (curse)
MR     ++...     Rnd*Rage +     (no boots)
Stlth  ..........               A - +4 amulet of reflection
                                i - +6 ring of dexterity
                                e - ring of protection from magic

@: corroded, protection aura, very slightly contaminated, very slow
A: big wings, berserk 1, negative energy resistance 1, electricity resistance,
unbreathing, petrification resistance, rot immunity, AC +17
a: Fly, Bend Time, Temporal Distortion, Renounce Religion
}: 2/15 runes: barnacled, gossamer


You were on level 2 of the Depths.
You worshipped Cheibriados.
Cheibriados was most pleased with you.
You were not hungry.

You visited 9 branches of the dungeon, and saw 40 of its levels.
You also visited: Sewer and Ice Cave.

You collected 4028 gold pieces.
You spent 1353 gold pieces at shops.

Inventory:

Hand Weapons
 a - a +9 flail of protection (weapon)
 b - a +1 hand crossbow of electrocution
 X - a +5 morningstar of draining
Missiles
 G - 1217 bolts
Armour
 c - a +1 shield (worn)
 j - the cursed +0 pair of gloves "Lutzeuck" (worn) {rCorr Dex+5 Stlth+}
   (You found it on level 4 of the Vaults)

   It affects your dexterity (+5).
   It protects you from acid and corrosion.
   It makes you more stealthy.
   It has a curse placed upon it.
 w - a +2 helmet (worn)
 E - the +0 chain mail of Happy Babbling {rCorr Str+2}
   (You found it on level 7 of the Dungeon)

   It affects your strength (+2).
   It protects you from acid and corrosion.
 Q - a +1 plate armour of fire resistance (worn)
 S - a +2 cloak (worn)
 T - a +1 pair of boots of flying
Jewellery
 e - a ring of protection from magic (left hand)
 h - an uncursed ring of teleportation
 i - a +6 ring of dexterity (right hand)
 l - an uncursed ring of resist corrosion
 r - an uncursed ring of protection from fire
 y - a +4 ring of evasion
 z - an uncursed ring of protection from fire
 A - a +4 amulet of reflection (around neck)
 D - an uncursed ring of see invisible
 V - an uncursed ring of ice
Wands
 o - a wand of digging (9/24)
 q - a wand of acid (4/15)
 v - a wand of paralysis (11/24)
 C - a wand of lightning (15/15)
 I - a wand of disintegration (24/24)
 L - a wand of teleportation (6/9)
 P - a wand of flame (12/48)
 R - a wand of iceblast (8/15)
 W - a wand of iceblast (6/15)
Scrolls
 m - 20 scrolls of remove curse
 n - 16 scrolls of teleportation
 K - 6 scrolls of magic mapping
Potions
 f - 4 potions of magic
 g - a potion of resistance
 p - 4 potions of haste
 s - 6 potions of curing
 H - 2 potions of berserk rage
 M - 3 potions of flight
Books
 t - a book of Minor Magic

   Spells                             Type                      Level
   a - Magic Dart                     Conjuration                  1
   b - Blink                          Translocation                2
   c - Call Imp                       Summoning                    2
   d - Repel Missiles                 Charms/Air                   2
   e - Slow                           Hexes                        2
   f - Conjure Flame                  Conjuration/Fire             3
   g - Mephitic Cloud                 Conjuration/Poison/Air       3
 x - a book of Conjurations

   Spells                             Type                      Level
   a - Magic Dart                     Conjuration                  1
   b - Searing Ray                    Conjuration                  2
   c - Dazzling Spray                 Conjuration/Hexes            3
   d - Fulminant Prism                Conjuration/Hexes            4
   e - Iskenderun's Mystic Blast      Conjuration                  4
   f - Iskenderun's Battlesphere      Conjuration/Charms           5
 F - a book of Enchantments

   Spells                             Type                      Level
   a - Cause Fear                     Hexes                        4
   b - Yara's Violent Unravelling     Hexes/Transmutation          5
   c - Silence                        Hexes/Air                    5
   d - Deflect Missiles               Charms/Air                   6
   e - Discord                        Hexes                        8
 J - the Almanac of Flight
   (You found it on level 1 of the Depths)

   Spells                             Type                      Level
   a - Mephitic Cloud                 Conjuration/Poison/Air       3
   b - Airstrike                      Air                          4
   c - Lightning Bolt                 Conjuration/Air              5
   d - Silence                        Hexes/Air                    5
   e - Freezing Cloud                 Conjuration/Ice/Air          6
   f - Conjure Ball Lightning         Conjuration/Air              6
 N - a book of Spatial Translocations

   Spells                             Type                      Level
   a - Blink                          Translocation                2
   b - Shroud of Golubria             Charms/Translocation         2
   c - Lesser Beckoning               Translocation                3
   d - Portal Projectile              Translocation                3
   e - Teleport Other                 Translocation                3
   f - Passage of Golubria            Translocation                4
Comestibles
 u - 16 fruits
 B - 22 bread rations
 O - 6 slices of pizza


   Skills:
 + Level 20.9 Fighting
 + Level 20.0 Maces & Flails
 + Level 12.5 Crossbows
 + Level 14.9 Armour
 + Level 13.1 Dodging
 - Level 15.2 Shields
 + Level 0.5 Spellcasting
 + Level 0.6 Translocations
 + Level 11.1 Invocations
 + Level 0.6 Evocations


You had 21 spell levels left.
You knew the following spells:

 Your Spells              Type           Power        Failure   Level  Hunger
a - Blink                 Tloc           N/A          94%         2    ###....


Dungeon Overview and Level Annotations

Branches:
Dungeon (15/15)            Temple (1/1) D:7            Lair (6/6) D:11
 Shoals (4/4) Lair:3       Spider (4/4) Lair:3        Slime (0/5) Lair:5
    Orc (2/2) D:11            Elf (2/3) Orc:2        Vaults (4/5) D:13
  Crypt (0/3) Vaults:2     Depths (2/5) D:15

Altars:
Ashenzari
Cheibriados
Dithmenos
Elyvilon
Fedhas
Gozag
Hepliaklqana
Kikubaaqudgha
Makhleb
Nemelex Xobeh
Okawaru
Qazlal
Ru
Sif Muna
Trog
Uskayaw
Vehumet
Xom
Yredelemnul
Zin
The Shining One
Jiyva

Shops:
D:5 *   D:14 *   Orc:2 (}}=   Elf:1 [   Elf:2 %(   Shoals:2 *

Portals:
Hell: Depths:1
Pandemonium: Depths:1


Innate Abilities, Weirdness & Mutations

You are resistant to torment.
Your stone body is resilient. (AC +17)
You are immune to poison.
Your large and strong wings let you fly indefinitely.
You resist negative energy. (rN+)
You are resistant to electric shocks. (rElec)
You can survive without breathing.
You are immune to petrification.
You are immune to rotting.
You tend to lose your temper in combat.


Message History

The caustic shrike claws you but does no damage.
You block the caustic shrike's attack.
The caustic shrike completely misses you.
You block the caustic shrike's attack. The caustic shrike closely misses you.
You block the caustic shrike's attack. The caustic shrike claws you!
* * * LOW HITPOINT WARNING * * *
The acid corrodes you!
You are splashed with acid!
The acid burns!
You resist.
* * * LOW HITPOINT WARNING * * *
You block the caustic shrike's attack.
Unknown command.
You block the caustic shrike's attack. x2; The caustic shrike claws you!
* * * LOW HITPOINT WARNING * * *
You are splashed with acid!
The acid burns!
You resist.
* * * LOW HITPOINT WARNING * * *
The caustic shrike claws you!
* * * LOW HITPOINT WARNING * * *
You are splashed with acid!
The acid burns!
You resist.
* * * LOW HITPOINT WARNING * * *
The caustic shrike claws you!
You die...

#.#. .. #...
...#...
...#..<
.......
.......###
.#......b##
.......@bw#
.######)#'#
##[#C.#
##))#..#
#.).#...
#..#).#....
#.##÷.##....
...
#)).##....
..# #(#..##


You could see 2 caustic shrikes and a swamp worm.

Vanquished Creatures
  Mennas (Vaults:2)
  Xtahua (Vaults:4)
  Saint Roka (Vaults:3)
  3 caustic shrikes (Depths:2)
  A golden dragon (Depths:2)
  Arachne (Spider:2)
  A tentacled monstrosity (Vaults:4)
  The ghost of p0werm0de the Shatterer, an adept OgWr of Uskayaw (Spider:4)
  Rupert (Lair:6)
  A tengu reaver (Vaults:4)
  Donald (Shoals:1)
  A shadow dragon (Vaults:3)
  Ilsuiw (Shoals:4)
  6 fire giants
  An orc warlord (Orc:1)
  3 ghost moths (Spider:4)
  4 frost giants
  11 vault wardens
  A deep elf sorcerer (Vaults:1)
  The ghost of brucemayne the Severer, a journeyman DsBe of Trog (Spider:4)
  4 emperor scorpions
  12 ironheart preservers
  A deep elf elementalist (Elf:2)
  15 stone giants
  14 very ugly things
  A war gargoyle (Vaults:4)
  2 entropy weavers
  3 dire elephants (Lair:6)
  10 spark wasps
  The ghost of poirepourri the Unseen, a journeyman SpEn of Ashenzari (Shoals:3)
  A deep elf annihilator (Depths:2)
  A crystal guardian (Vaults:3)
  Snorg (Lair:4)
  11 merfolk impalers
  3 merfolk javelineers
  4 deep elf death magi
  3 fire dragons
  4 yaktaur captains
  4 ettins
  6 rakshasas
  8 great orbs of eyes
  3 ice dragons
  15 vault guards
  9 hydras
  7 merfolk avatars
  2 catoblepae
  An anaconda (Lair:6)
  7 centaur warriors
  An alligator snapping turtle (Shoals:1)
  A spriggan air mage (Depths:2)
  4 merfolk aquamancers
  An alligator (shapeshifter) (Vaults:3)
  7 dancing weapons
  A death knight (Vaults:4)
  3 deep troll shamans
  A tengu warrior (D:13)
  An alligator (Shoals:1)
  4 death yaks (Shoals:2)
  15 ogre magi
  5 deep troll earth magi
  A spriggan berserker (Depths:2)
  A titan zombie (Vaults:4)
  4 orc high priests
  A hell hog (shapeshifter) (Depths:2)
  6 deep elf knights
  2 shock serpents (Depths:1)
  A skeletal warrior (Vaults:4)
  2 spriggans (Depths:2)
  3 shadow wraiths
  A fire crab (Shoals:2)
  4 unseen horrors
  11 deep trolls
  A glowing orange brain (Vaults:4)
  13 sea snakes
  4 large abominations (Elf:1)
  5 wizards
  10 deep elf archers
  11 ironbrand convokers
  12 hill giants
  A lindwurm (Lair:2)
  7 necromancers
  15 orc knights
  25 wolf spiders
  10 wolf spider zombies
  32 harpies
  37 deep elf magi
  14 orb spiders
  A frost giant zombie (Vaults:4)
  46 ugly things
  6 orc sorcerers
  15 manticores
  10 fauns
  12 elephants
  9 cyclopes
  2 salamanders (shapeshifter)
  11 sirens
  3 black mambas
  A rust devil (Depths:1)
  2 stone giant skeletons (Vaults:4)
  10 vault sentinels
  An ice statue (Lair:2)
  3 centaur zombies
  3 moths of wrath
  A guardian serpent (shapeshifter) (Vaults:3)
  2 torpor snails
  A guardian serpent (D:14)
  4 gargoyles
  Joseph (Lair:1)
  A titan simulacrum (Vaults:4)
  5 naga magi
  6 water nymphs
  A spriggan skeleton (Depths:1)
  10 spiny frogs
  A rime drake (Lair:4)
  8 redback zombies (Spider:1)
  6 komodo dragons
  12 demonic crawlers
  4 kobold demonologists
  4 freezing wraiths
  A golden dragon simulacrum (Depths:1)
  35 yaktaurs
  32 merfolk
  7 trolls
  26 jumping spiders
  5 wind drakes
  A polar bear (shapeshifter) (Vaults:3)
  28 two-headed ogres
  3 polar bears
  12 hornets
  A raiju (Depths:1)
  7 tarantella zombies (Spider:1)
  A tengu simulacrum (Depths:1)
  A wind drake (shapeshifter) (D:13)
  13 hippogriffs
  19 slime creatures
  A dream sheep (shapeshifter) (D:13)
  8 snapping turtles
  A stone giant simulacrum (Vaults:4)
  13 blink frogs
  11 dream sheep
  11 water elementals
  An ice dragon skeleton (Depths:1)
  2 air elementals
  3 shadows
  2 vampires
  17 tarantellas
  3 wraiths
  50 redbacks
  53 yaks
  2 fire elementals (Elf:1)
  A yak (shapeshifter) (Vaults:3)
  Eustachio (D:4)
  7 wyverns
  2 fire bats (Shoals:2)
  7 basilisks
  A hungry ghost (D:11)
  4 vampire mosquitoes
  2 human simulacra (Vaults:1)
  4 mottled dragons
  4 wargs
  A naga (shapeshifter) (Vaults:4)
  Edmund (D:4)
  A soldier ant (D:14)
  A soldier ant (shapeshifter) (D:13)
  11 water moccasins
  11 porcupines
  A human zombie (Vaults:4)
  10 ice beasts
  A phantom (D:14)
  An ettin simulacrum (Vaults:3)
  32 orc warriors
  A black bear (D:9)
  4 sky beasts
  A necrophage (D:12)
  50 ogres
  16 centaurs
  An eye of draining (D:13)
  25 boggarts
  7 wolves
  The ghost of p0werm0de the Insei, an amateur DsAr of Ashenzari (D:4)
  11 crocodiles
  An elf skeleton (Vaults:4)
  An elf zombie (Elf:1)
  6 big kobolds
  23 bullfrogs
  A big kobold (shapeshifter) (Vaults:1)
  A gnoll sergeant (D:6)
  7 earth elementals
  A human skeleton (Vaults:4)
  4 scorpions
  13 killer bees
  7 wights
  8 howler monkeys
  An electric eel (Lair:2)
  10 crimson imps
  4 jellies
  A quasit (D:12)
  15 orc priests
  5 hounds
  5 centaur skeletons
  2 gnoll shamans (D:6)
  6 iguanas
  24 orc wizards
  A hell rat (Depths:2)
  7 worker ants
  A statue (D:5)
  4 lightning spires (Depths:1)
  A hound zombie (D:8)
  37 gnolls (D:6)
  A howler monkey skeleton (D:9)
  2 river rats (Sewer)
  18 adders
  4 shadow imps
  3 white imps (Lair:2)
  An ooze (Sewer)
  2 adder skeletons
  5 worms
  3 dart slugs
  13 leopard geckos
  94 orcs
  4 ball pythons
  10 bats
  9 giant cockroaches
  5 goblins
  10 hobgoblins
  26 jackals
  16 kobolds
  3 quokkas
  A frilled lizard (D:1)
  8 rats
  A butterfly (Lair:4)
  A fungus (Lair:6)
  5 plants
1708 creatures vanquished.

Vanquished Creatures (collateral kills)
  2 caustic shrikes (Depths:2)
  A yaktaur (Depths:2)
  A shadow (D:15)
  A bullfrog (D:15)
5 creatures vanquished.

Vanquished Creatures (others)
  Nikola (Shoals:1)
  A tentacled monstrosity (Depths:2)
  Polyphemus (Shoals:2)
  Aizul (Spider:2)
  2 merfolk javelineers (Shoals:4)
  3 yaktaur captains
  2 satyrs
  2 deep elf archers
  A manticore (Shoals:4)
  5 fauns
  A cyclops (Shoals:3)
  A demonic crawler (Spider:4)
  9 yaktaurs
  2 merfolk (Shoals:2)
  A naga (D:14)
  2 orc warriors (Vaults:4)
  A human (D:3)
  7 centaurs
  2 ogres (Vaults:2)
  A wolf (IceCv)
  A gnoll (D:6)
  2 ball lightnings (Depths:1)
  10 fungi
  56 plants
115 creatures vanquished.

Grand Total: 1828 creatures vanquished

Notes
Turn   | Place    | Note
-------+----------+-------------------------------------------
     0 | D:1      | poirepourri the Gargoyle Fighter began the quest for the Orb.
     0 | D:1      | Reached XP level 1. HP: 14/14 MP: 1/1
   236 | D:1      | Reached XP level 2. HP: 15/20 MP: 2/2
   960 | D:1      | Reached XP level 3. HP: 15/24 MP: 3/3
  1674 | D:2      | Reached XP level 4. HP: 29/29 MP: 4/4
  2079 | D:3      | Found a glowing drain.
  2088 | Sewer    | Entered a sewer
  2104 | Sewer    | Reached skill level 1 in Dodging
  2624 | Sewer    | Reached XP level 5. HP: 31/33 MP: 5/5
  2691 | Sewer    | Noticed a big kobold
  2705 | Sewer    | Killed a big kobold
  2806 | Sewer    | Noticed a big kobold
  2807 | Sewer    | Noticed a big kobold
  2830 | Sewer    | Killed a big kobold
  2830 | Sewer    | Reached skill level 5 in Maces & Flails
  2830 | Sewer    | Reached XP level 6. HP: 36/39 MP: 6/6
  3537 | D:3      | Found an ancient bone altar of Kikubaaqudgha.
  3539 | D:3      | Noticed a human
  3540 | D:3      | Killed a human
  3576 | D:3      | Found a glowing golden altar of the Shining One.
  3776 | D:4      | Noticed Eustachio
  3804 | D:4      | Killed Eustachio
  3804 | D:4      | Reached skill level 5 in Fighting
  3804 | D:4      | Reached XP level 7. HP: 43/44 MP: 7/7
  4079 | D:4      | Noticed p0werm0de's ghost (amateur DsAr)
  4085 | D:4      | Noticed Edmund
  4085 | D:4      | Killed p0werm0de's ghost
  4094 | D:4      | Killed Edmund
  4395 | D:5      | Entered Level 5 of the Dungeon
  4494 | D:5      | Reached XP level 8. HP: 47/50 MP: 8/8
  4675 | D:5      | Found a radiant altar of Vehumet.
  5087 | D:5      | Found Ehotyle's Assorted Antiques.
  5090 | D:5      | Bought a cabochon ring for 140 gold pieces
  5090 | D:5      | Bought a scroll of identify for 56 gold pieces
  5279 | D:6      | Found a blossoming altar of Fedhas.
  5916 | D:6      | Reached XP level 9. HP: 49/55 MP: 9/9
  6643 | D:7      | Found a staircase to the Ecumenical Temple.
  6660 | Temple   | Entered the Ecumenical Temple
  6868 | Temple   | Became a worshipper of Cheibriados the Contemplative
  7170 | D:7      | Got a brightly glowing chain mail
  7189 | D:7      | Identified the +0 chain mail of Happy Babbling {rCorr Str+2} (You found it on level 7 of the Dungeon)
  7225 | D:7      | Found a hazy altar of Hepliaklqana.
  7282 | D:7      | Reached skill level 10 in Maces & Flails
  7344 | D:7      | Paralysed by a crimson imp for 5 turns
  7351 | D:7      | Paralysed by a crimson imp for 2 turns
  7575 | D:8      | Found a basalt altar of Yredelemnul.
  7870 | D:8      | Reached * piety under Cheibriados
  7974 | D:8      | Noticed a two-headed ogre
  7979 | D:8      | Killed a two-headed ogre
  8595 | D:8      | Reached XP level 10. HP: 63/63 MP: 10/10
  8737 | D:9      | Reached skill level 5 in Dodging
  8855 | D:9      | Found an iron altar of Okawaru.
  8929 | D:9      | Reached ** piety under Cheibriados
  9524 | D:10     | Entered Level 10 of the Dungeon
  9565 | D:10     | Noticed a hill giant
  9584 | D:10     | Killed a hill giant
  9816 | D:10     | Reached *** piety under Cheibriados
  9983 | D:10     | Noticed a gargoyle
  9991 | D:10     | Killed a gargoyle
 10569 | D:11     | Reached **** piety under Cheibriados
 10574 | D:11     | Noticed a manticore
 10577 | D:11     | Reached XP level 11. HP: 67/67 MP: 11/11
 10584 | D:11     | Killed a manticore
 10654 | D:11     | Found a staircase to the Orcish Mines.
 10655 | D:11     | Found a staircase to the Lair.
 10691 | D:11     | Reached skill level 5 in Armour
 11031 | D:11     | Reached skill level 5 in Shields
 11507 | D:11     | Noticed a green ugly thing
 11515 | D:11     | Killed a green ugly thing
 11529 | D:12     | Noticed a hill giant
 11530 | D:12     | Noticed a purple ugly thing
 11544 | D:11     | Killed a purple ugly thing
 11544 | D:11     | Reached skill level 1 in Invocations
 11551 | D:11     | Killed a hill giant
 12032 | D:12     | Found a frozen archway.
 12073 | IceCv    | Entered an ice cave
 12206 | D:12     | Noticed a cyan ugly thing
 12215 | D:12     | Killed a cyan ugly thing
 12807 | D:12     | Killed an unseen horror
 12839 | D:12     | Noticed a hill giant
 12847 | D:12     | Killed a hill giant
 13073 | D:12     | Noticed a manticore
 13084 | D:12     | Killed a manticore
 13163 | D:12     | Noticed a manticore
 13172 | D:12     | Killed a manticore
 13172 | D:12     | Reached XP level 12. HP: 72/73 MP: 12/12
 13689 | D:13     | Reached ***** piety under Cheibriados
 14410 | D:13     | Found a gate to the Vaults.
 14444 | D:13     | Found a glowing silver altar of Zin.
 14837 | D:13     | Noticed a tengu warrior
 14850 | D:13     | Killed a tengu warrior
 15620 | D:14     | Found Keyxi's Serpentskin Sales.
 15897 | D:14     | Reached XP level 13. HP: 78/80 MP: 14/14
 16626 | D:15     | Entered Level 15 of the Dungeon
 16721 | D:15     | Identified a scroll of acquirement
 16753 | D:15     | Found a stormy altar of Qazlal.
 16936 | D:15     | Reached skill level 10 in Shields
 17272 | D:15     | Paralysed by a wizard for 5 turns
 17288 | D:15     | Reached ****** piety under Cheibriados
 17295 | D:15     | Found a staircase to the Depths.
 18160 | D:15     | Reached skill level 10 in Fighting
 18566 | Lair:1   | Entered Level 1 of the Lair of Beasts
 18620 | Lair:1   | Noticed Joseph
 18638 | Lair:1   | Killed Joseph
 18702 | Lair:1   | Gained mutation: Your large and strong wings let you fly indefinitely. [Gargoyle growth]
 18702 | Lair:1   | Reached XP level 14. HP: 68/88 MP: 15/15
 19775 | Lair:2   | Identified the Guide on Toxins and the Frostbite
 21024 | Lair:3   | Found a staircase to the Shoals.
 21264 | Lair:3   | Found a hole to the Spider Nest.
 21686 | Lair:4   | Noticed Snorg
 21704 | Lair:4   | Killed Snorg
 21993 | Lair:4   | Found a stormy altar of Qazlal.
 22887 | Lair:4   | Reached skill level 10 in Dodging
 23051 | Lair:5   | Reached skill level 10 in Armour
 23063 | Lair:5   | Found a viscous altar of Jiyva.
 23063 | Lair:5   | Found a staircase to the Slime Pits.
 23144 | Lair:5   | Found a labyrinth entrance.
 23658 | Lair:6   | Entered Level 6 of the Lair of Beasts
 23688 | Lair:6   | Noticed Rupert
 23707 | Lair:6   | Killed Rupert
 23707 | Lair:6   | Reached XP level 15. HP: 91/95 MP: 17/17
 25197 | Orc:1    | Entered Level 1 of the Orcish Mines
 25200 | Orc:1    | Noticed an orc warlord
 25229 | Orc:1    | Killed an orc warlord
 25480 | Orc:2    | Entered Level 2 of the Orcish Mines
 25515 | Orc:2    | Found a staircase to the Elven Halls.
 25890 | Orc:2    | Reached skill level 15 in Shields
 25901 | Orc:2    | Gained mutation: Scrolls take you a little longer to read. [a neqoxec]
 25934 | Orc:2    | Paralysed by an orc sorcerer for 4 turns
 26194 | Orc:2    | Found Pynytzaf's Jewellery Emporium.
 26194 | Orc:2    | Found Pefruom's Gadget Boutique.
 26196 | Orc:2    | Found Bokk's Gadget Emporium.
 26196 | Orc:2    | Found Teivef's Antique Weapon Boutique.
 26257 | Orc:2    | Bought an uncursed ring of protection from magic for 325 gold pieces
 26257 | Orc:2    | Bought a cursed +4 amulet of reflection for 286 gold pieces
 26820 | Spider:1 | Entered Level 1 of the Spider Nest
 26902 | Spider:1 | Reached XP level 16. HP: 81/102 MP: 19/19
 26913 | Spider:1 | Reached skill level 15 in Maces & Flails
 27432 | Spider:2 | Noticed Arachne
 27473 | Spider:2 | Lost mutation: Scrolls take you a little longer to read. [potion of cure mutation]
 27492 | Spider:2 | Killed Arachne
 27556 | Spider:2 | Reached skill level 5 in Invocations
 28206 | Spider:2 | Noticed Aizul
 28231 | Spider:2 | Killed Aizul
 28231 | Spider:2 | Reached skill level 1 in Crossbows
 29307 | Spider:4 | Entered Level 4 of the Spider Nest
 29491 | Spider:4 | Reached XP level 17. HP: 53/110 MP: 15/21
 29520 | Spider:4 | Noticed brucemayne's ghost (journeyman DsBe)
 29544 | Spider:4 | Killed brucemayne's ghost
 29972 | Spider:4 | Noticed p0werm0de's ghost (adept OgWr)
 30146 | Spider:4 | Killed p0werm0de's ghost
 30371 | Spider:4 | Reached skill level 5 in Crossbows
 31109 | Spider:4 | Got a gossamer rune of Zot
 31343 | Shoals:1 | Entered Level 1 of the Shoals
 31468 | Shoals:1 | Noticed Donald
 31486 | Shoals:1 | Killed Donald
 31830 | Shoals:1 | Noticed Nikola
 31847 | Shoals:1 | Killed Nikola
 32755 | Shoals:2 | Reached skill level 15 in Fighting
 32821 | Shoals:2 | Found Bshesemm's Bounteous Boutique.
 32895 | Shoals:2 | Reached XP level 18. HP: 101/119 MP: 18/22
 33058 | Shoals:2 | Noticed Polyphemus
 33073 | Shoals:2 | Killed Polyphemus
 34001 | Shoals:3 | Noticed poirepourri's ghost (journeyman SpEn)
 34017 | Shoals:3 | Killed poirepourri's ghost
 34322 | Shoals:3 | Reached skill level 10 in Crossbows
 34711 | Shoals:4 | Entered Level 4 of the Shoals
 34740 | Shoals:4 | Noticed Ilsuiw
 34752 | Shoals:4 | Killed Ilsuiw
 35481 | Shoals:4 | Reached XP level 19. HP: 127/127 MP: 24/24
 36302 | Shoals:4 | Got a barnacled rune of Zot
 36592 | Vaults:1 | Entered Level 1 of the Vaults
 38439 | Vaults:1 | Identified the Disquisition on Translocation
 39467 | Vaults:2 | Reached XP level 20. HP: 123/136 MP: 25/25
 40452 | D:14     | Learned a level 2 spell: Blink
 41752 | Vaults:2 | Noticed Mennas
 41836 | Vaults:2 | Killed Mennas
 42140 | Vaults:2 | Found a staircase to the Crypt.
 42140 | Vaults:2 | Found an ancient bone altar of Kikubaaqudgha.
 42141 | Vaults:2 | Found a basalt altar of Yredelemnul.
 44433 | Vaults:3 | Reached XP level 21. HP: 60/143 MP: 28/28
 46322 | Vaults:4 | Noticed Xtahua
 46352 | Vaults:4 | Killed Xtahua
 46359 | Vaults:4 | Reached skill level 10 in Invocations
 47011 | Vaults:4 | Got a pair of transparent gloves
 47017 | Vaults:4 | Identified the cursed +0 pair of gloves "Lutzeuck" {rCorr Dex+5 Stlth+} (You found it on level 4 of the Vaults)
 47701 | Vaults:4 | Paralysed by a great orb of eyes for 2 turns
 48817 | Vaults:4 | Noticed Saint Roka
 48836 | Vaults:3 | Killed Saint Roka
 48836 | Vaults:3 | Reached XP level 22. HP: 85/151 MP: 24/29
 49265 | Elf:1    | Entered Level 1 of the Elven Halls
 49408 | Elf:1    | Found Mezo's Armour Emporium.
 49807 | Elf:1    | Gained mutation: You tend to lose your temper in combat. [a neqoxec]
 50050 | Elf:1    | Identified the Grimoire of Stolen Souls
 50526 | Elf:2    | Found Kaeph's Food Boutique.
 50532 | Elf:2    | Found Roaqa's Antique Weapon Boutique.
 50550 | Elf:2    | Bought an iridescent morningstar for 270 gold pieces
 50562 | Elf:2    | Bought a bread ration for 60 gold pieces
 50562 | Elf:2    | Bought a bread ration for 60 gold pieces
 50562 | Elf:2    | Bought a bread ration for 60 gold pieces
 50562 | Elf:2    | Bought a bread ration for 60 gold pieces
 50562 | Elf:2    | Bought a slice of pizza for 18 gold pieces
 50562 | Elf:2    | Bought a slice of pizza for 18 gold pieces
 50637 | Elf:2    | Found a runed gate.
 50637 | Elf:2    | Found a runed gate.
 50640 | Elf:2    | Found a runed gate.
 51845 | Depths:1 | Entered Level 1 of the Depths
 51989 | Depths:1 | Identified the +5 morningstar of Upheaval {chaos, rElec MR+ Int+5 Dex-3} (You bought it in a shop on level 2 of the Elven Halls)
 52101 | Depths:1 | Found a one-way gate leading to the halls of Pandemonium.
 52696 | Depths:1 | Found a gateway to Hell.
 53583 | Depths:1 | Identified the Almanac of Flight
 54191 | Depths:2 | Noticed a caustic shrike
 54230 | Depths:2 | Noticed a caustic shrike
 54234 | Depths:2 | Killed a caustic shrike
 54238 | Depths:2 | Killed a caustic shrike
 54244 | Depths:2 | Noticed a caustic shrike
 54249 | Depths:2 | Noticed a golden dragon
 54259 | Depths:2 | Killed a caustic shrike
 54269 | Depths:2 | Killed a golden dragon
 54269 | Depths:2 | Reached XP level 23. HP: 41/158 MP: 17/30
 54610 | Depths:2 | Noticed a caustic shrike
 54613 | Depths:2 | Noticed a caustic shrike
 54620 | Depths:2 | Killed a caustic shrike
 54629 | Depths:2 | Killed a caustic shrike
 54738 | Depths:2 | Noticed a caustic shrike
 54738 | Depths:2 | Noticed a caustic shrike
 54772 | Depths:2 | HP: 7/159 [acid (3)]
 54772 | Depths:2 | Slain by a caustic shrike

Vault maps used:
D:1:      evilmike_arrival_rings
D:2:      feat_on_display
D:3:      tso_oasis_becter, gup_sewer_entry_pipe, tgw_kikubaaqudgha
D:4:      uniq_eustachio, uniq_edmund
D:5:      vehumet_statue, first_bread, serial_shops, nicolae_shop_behind_doors
D:6:      lemuel_castle_with_subvaults, fedhas_altar_2
D:7:      overflow_temple_1_default
D:8:      yredelemnul_altar_generic
D:9:      okawaru_trees_2, grunt_pizzeria
D:11:     lair_0_dummy, orc_0_dummy
D:12:     portal_ice_cave_entry_pillars_2
D:13:     minmay_stone_box, david_vaults_2, basic_altar, spider_trap
D:14:     minmay_misc_feat_plants, guppyfry_shop_venom
D:15:     grunt_enter_depths_magical_seal, hangedman_abyss_or_decor_stagger,
          nicolae_qazlal_style_of_elements
Temple:   regret_index_temple_generic_petals
Lair:1:   infiniplex_staircase_pool_2, uniq_joseph
Lair:2:   st_stairs_13, ice2_lemuel, grunt_megastairs_3, serial_bayou_shore_a
Lair:3:   elwin_shoals_entry_stream, dummy_spider_entry
Lair:4:   nicolae_volcano_entry_s_turn, basic_altar,
          nicolae_quartered_pool_medium, lemuel_fruit_fields,
          grunt_megastairs_4, infiniplex_staircase_pool, uniq_snorg
Lair:5:   slime_altar_1, lab_entry_generic
Lair:6:   due_jungle_book, pond, uniq_rupert
Shoals:1: nicolae_shoals_siren_and_animal_friends, uniq_nikola, uniq_donald
Shoals:2: cheibrodos_shoals_roost, nicolae_alphabet_shops,
          hangedman_shoal_volcano, uniq_polyphemus
Shoals:3: nicolae_shoals_square_sea_wall, st_cyclops
Shoals:4: shoals_end_hangedman, shoals_ilsuiw_alternative
Spider:1: lemuel_spider_zombies
Spider:2: einodemon_crawler_minivault, uniq_arachne, uniq_aizul
Spider:4: guppyfry_spider_rune, spider_trap
Orc:1:    nicolae_orc_rockfall
Orc:2:    grunt_orc_tribal_feast
Elf:1:    serial_shops, shop_statue, minmay_elf_necromancy
Elf:2:    minmay_shop_star
Vaults:1: v_misc_2, v_misc_1, ontoclasm_vaults_tryst, nicolae_vaults_meeting
Vaults:2: ontoclasm_vaults_claustrophobia, grunt_vaults_hallway_long, v_misc_3,
          vaults_room_hangedman_quadrants, minmay_crypt_entry_necro_gods,
          v_misc_23, ontoclasm_vaults_fault, vaults_room_semicircle,
          nicolae_vaults_asterisk, vaults_room_door_hall, uniq_mennas
Vaults:3: vaults_room_guarded_vault, vaults_dpeg_cross,
          nicolae_vaults_bisected_exclaves, hangedman_vaults_hat,
          hangedman_vaults_variations, hangedman_vaults_pinch,
          ontoclasm_vaults_pinch, v_pattern_1, vaults_room_hallway,
          vaults_room_pool, nicolae_vaults_twisting_passages,
          hangedman_vaults_corner_blocks
Vaults:4: v_alt_pattern_3, ontoclasm_vaults_misaligned, v_misc_13,
          vaults_room_fancy_cross, v_misc_16, ontoclasm_vaults_idyll,
          vaults_room_fancy_cross, ontoclasm_vaults_shuriken, v_misc_11,
          vaults_dpeg_encased_lava, st_lattice, hangedman_vaults_stitches,
          hangedman_vaults_nails, v_misc_3, vaults_dpeg_ring,
          hangedman_vaults_restitches, vaults_dpeg_diagonal, uniq_xtahua,
          uniq_saint_roka
Depths:1: minmay_outward_triangles, grunt_hell_entry_dis_grunt, pan_entry,
          minmay_misc_feat_secret_circle, serial_bayou_lagoon_a,
          grunt_ministairs_5, serial_sigils_hangedman_gut,
          hangedman_research_electronics
Depths:2: cheibrodos_spurs, pan_entry, minmay_misc_feat_hallway, abyss_entry,
          hangedman_geh_valley, spider_trap
Sewer:    sewer_co_15_rooms
IceCv:    ice_cave_caverns_02

Skill      XL: |  1  2  3  4  5  6  7  8  9 10 11 12 13 14 15 16 17 18 19 20 21 22 23 |
---------------+----------------------------------------------------------------------+-----
Fighting       | 4 5 6 7 8 10 11 12 13 15 16 17 18 19 20 | 20.9
Maces & Flails | 3 4 5 6 7 9 10 11 12 14 15 16 17 18 19 20 | 20.0
Dodging        | 1 2 3 4 8 9 10 11 12 13 | 13.1
Shields        | 4 7 9 11 13 15 | 15.2
Armour         | 4 6 7 8 10 11 12 13 14 | 14.9
Invocations    | 1 2 4 5 6 7 9 10 11 | 11.1
Crossbows      | 2 8 11 12 | 12.5
Spellcasting   | |  0.5
Translocations | |  0.6
Evocations     | |  0.6

Action                   |  1- 3 |  4- 6 |  7- 9 | 10-12 | 13-15 | 16-18 | 19-21 | 22-24 || total
-------------------------+-------+-------+-------+-------+-------+-------+-------+-------++-------
Melee: Flail             |   131 |   213 |   516 |   790 |  1452 |  1122 |  1787 |   754 ||  6765
 Fire: Hand crossbow     |       |       |       |       |       |   611 |   294 |    54 ||   959
 Cast: Blink             |       |       |       |       |       |       |     1 |     1 ||     2
Invok: Slouch            |       |       |       |     3 |    16 |    16 |    26 |    10 ||    71
       Step From Time    |       |       |       |       |       |       |     1 |     1 ||     2
 Abil: Stop Flying       |       |       |       |       |     1 |       |     1 |       ||     2
Evoke: Wand              |       |       |       |       |     6 |     1 |       |       ||     7
  Use: Scroll            |     4 |     4 |    11 |    10 |    26 |     9 |     4 |     6 ||    74
       Potion            |       |     3 |     1 |       |    15 |    13 |     4 |     3 ||    39
 Stab: Fleeing           |       |       |       |       |     1 |       |       |       ||     1
       Invisible         |       |       |       |       |     5 |       |     2 |       ||     7
       Held in net/web   |       |       |       |       |     1 |       |       |       ||     1
  Eat: Bread ration      |     1 |     1 |     1 |       |     1 |       |       |       ||     4
       Chunk             |       |       |     5 |       |       |       |       |       ||     5
       Fruit             |       |       |     3 |     4 |       |       |       |       ||     7
       Meat ration       |       |       |     1 |     1 |     4 |     2 |     4 |     3 ||    15
       Beef jerky        |       |       |       |     1 |     4 |     2 |       |       ||     7
       Pizza             |       |       |       |     2 |     1 |     2 |     3 |       ||     8
Armor: Scale mail        |   115 |   125 |   239 |       |       |       |       |       ||   479
       Chain mail        |       |       |    28 |   320 |   532 |   548 |   548 |       ||  1976
       Plate armour      |       |       |       |       |       |       |       |   246 ||   246
Dodge: Dodged            |    64 |    69 |   279 |   535 |  1235 |  1156 |  1148 |   385 ||  4871
Block: Shield            |   113 |   134 |   318 |   618 |  1800 |  2096 |  2227 |   795 ||  8101
       Reflection        |       |       |       |       |     2 |   112 |   140 |    68 ||   322
